 Dungeon Crawl Stone Soup version 0.22.1-2-g9c5b331383 (webtiles) character file.

2711 Forgol the Basher (level 9, -4/123 HPs)
             Began as a Deep Dwarf Berserker on Dec 21, 2018.
             Was an Elder of Trog.
             Slain by a six-headed hydra (6 damage)
             ... on level 7 of the Dungeon.
             The game lasted 00:32:09 (5429 turns).

Forgol the Basher (Deep Dwarf Berserker)            Turns: 5429, Time: 00:32:09

Health: -4/123     AC: 13    Str: 30    XL:     9   Next: 39%
Magic:  3/3        EV:  9    Int:  7    God:    Trog [****..]
Gold:   173        SH: 10    Dex: 12    Spells: 8/8 levels left

rFire    . . .     SeeInvis +   a - +0 mace
rCold    . . .     Gourm    .   z - +0 shield
rNeg     . . .     Faith    .   D - +0 chain mail
rPois    .         Spirit   .   w - +0 helmet
rElec    .         Reflect  .   (no cloak)
rCorr    +         Harm     .   (no gloves)
MR       +....                  G - +0 pair of boots
Stlth    ..........             (no amulet)
HPRegen  0.00/turn              n - ring of see invisible
MPRegen  0.08/turn              x - ring of resist corrosion

@: berserking (expiring), non-regenerating, very quick
A: damage resistance, heal wounds, sense surroundings 2, no regeneration
a: Heal Wounds, Berserk, Trog's Hand, Brothers in Arms, Renounce Religion


You were on level 7 of the Dungeon.
You worshipped Trog.
Trog was greatly pleased with you.
You were hungry.

You visited 1 branch of the dungeon, and saw 7 of its levels.

You collected 335 gold pieces.
You spent 162 gold pieces at shops.

Inventory:

Hand Weapons
 a - a +0 mace (weapon)
 v - a +5 club
 J - a +0 spear
Armour
 b - a +0 animal skin
 o - a +0 cloak
 w - a +0 helmet (worn)
 y - a +1 pair of boots
 z - a +0 shield (worn)
 D - a +0 chain mail (worn)
 G - a +0 pair of boots (worn)
Jewellery
 n - a ring of see invisible (left hand)
 p - an uncursed ring of ice
 x - a ring of resist corrosion (right hand)
 E - an uncursed amulet of faith {unknown}
 F - a cursed ring of resist corrosion
 O - a cursed ring of attention {unknown}
Wands
 H - a wand of paralysis (8)
 I - a wand of acid (7)
 N - a wand of polymorph (8)
Scrolls
 d - a scroll of fog {unknown}
 e - 3 scrolls of fear {unknown}
 f - a scroll of teleportation {unknown}
 h - 4 scrolls of identify
 l - 3 scrolls of remove curse {unknown}
 r - 2 scrolls of amnesia {unknown}
 s - 2 scrolls of immolation {unknown}
 A - 2 scrolls of magic mapping {unknown}
 K - a scroll of enchant armour {unknown}
 L - a scroll of enchant weapon
Potions
 g - 2 potions of haste {unknown}
 i - 3 potions of heal wounds
 j - 3 potions of brilliance {unknown}
 k - a potion of cancellation {unknown}
 m - 3 potions of berserk rage {unknown}
 q - 4 potions of lignification {unknown}
 t - a potion of degeneration {unknown}
 u - a potion of agility {unknown}
 B - a potion of might {unknown}
 C - 3 potions of curing {unknown}
 M - a potion of resistance
Comestibles
 c - 12 rations


   Skills:
 + Level 5.6 Fighting
 + Level 8.7 Maces & Flails
 + Level 6.8 Armour
 + Level 6.2 Dodging
 + Level 2.5 Shields


You had 8 spell levels left.
You didn't know any spells.
Your spell library was empty.

Dungeon Overview and Level Annotations

Branches:
Dungeon (7/15)             Temple (0/1) D:4

Altars:
Ashenzari
Cheibriados
Qazlal
Trog
Zin
The Shining One

Shops:
D:5 (*?((   D:6 :


Innate Abilities, Weirdness & Mutations

You are resistant to damage.
You can heal yourself by infusing magical energy.
You passively map the area around you.
You do not regenerate.


Message History

The six-headed hydra bites you.
* * * LOW HITPOINT WARNING * * *
The six-headed hydra bites you but does no damage.
You block the six-headed hydra's attack.
The six-headed hydra bites you.
* * * LOW HITPOINT WARNING * * *
You barely miss the six-headed hydra.
The six-headed hydra is severely wounded.
The six-headed hydra bites you.
You block the six-headed hydra's attack.
The six-headed hydra bites you but does no damage.
The six-headed hydra closely misses you.
The six-headed hydra barely misses you.
You block the six-headed hydra's attack.
You sock the six-headed hydra!
The six-headed hydra is almost dead.
You block the six-headed hydra's attack.
The six-headed hydra bites you but does no damage.
The six-headed hydra barely misses you. The six-headed hydra bites you!
You die...

*, ,, *, **,,
, , , , , , #
** ** *, * #.*
, , ##. ### *
, #......# #,
#..#.#.# * * *
* *.##...hD.#
* ..#.
##@#####.# , *
, *
#..##........#
,
#..#.#.#####.#
, , #......#
,** #.*
###.#### , #.#
#...# ,, , #.#
#...# ** * #.#
#^..# ,* * #.#
#...# * *


You could see a six-headed hydra and a hound.

Vanquished Creatures
  Pikel (D:5)
  Eustachio (D:5)
  Menkaure (D:5)
  Edmund (D:5)
  Duvessa (D:5)
  An orc warrior (D:6)
  An ice beast (D:6)
  2 sky beasts
  4 slaves (D:5)
  2 ogres
  A phantom (D:4)
  A centaur (D:6)
  A bullfrog (D:6)
  Blork the orc (D:6)
  Dowan (D:5)
  A howler monkey (D:3)
  2 crimson imps (D:6)
  A bullfrog zombie (D:6)
  A hound (D:7)
  An orc priest (D:4)
  6 orc wizards
  A bullfrog skeleton (D:4)
  3 centaur skeletons
  Jessica (D:2)
  An iguana (D:6)
  2 worker ants (D:5)
  Robin (D:2)
  3 gnolls
  7 adders
  4 river rats (D:5)
  3 shadow imps
  3 worms
  3 dart slugs
  6 leopard geckos
  13 orcs
  4 bats
  9 giant cockroaches
  21 goblins
  7 hobgoblins
  10 jackals
  2 quokkas
  3 frilled lizards
  A jackal skeleton (D:4)
  10 kobolds
  A leopard gecko zombie (D:5)
  4 rats (D:2)
155 creatures vanquished.

Vanquished Creatures (others)
  7 plants (D:5)
7 creatures vanquished.

Grand Total: 162 creatures vanquished

Notes
Turn   | Place    | Note
-------+----------+-------------------------------------------
     0 | D:1      | Forgol the Deep Dwarf Berserker began the quest for the
                  | Orb.
     0 | D:1      | Reached XP level 1. HP: 20/20 MP: 1/1
    86 | D:1      | Reached XP level 2. HP: 27/27 MP: 2/2
   161 | D:1      | Reached XP level 3. HP: 22/33 MP: 3/3
   742 | D:1      | Reached ** piety under Trog
  1113 | D:2      | Noticed Jessica
  1133 | D:2      | Reached XP level 4. HP: 41/42 MP: 4/4
  1140 | D:2      | Killed Jessica
  1140 | D:2      | Reached skill level 4 in Maces & Flails
  1331 | D:2      | Noticed Robin
  1352 | D:2      | Killed Robin
  1511 | D:2      | Found a stormy altar of Qazlal.
  1517 | D:2      | Found a glowing silver altar of Zin.
  1928 | D:3      | Reached XP level 5. HP: 49/49 MP: 5/5
  2449 | D:3      | Found a glowing golden altar of the Shining One.
  2629 | D:4      | Noticed an ogre
  2651 | D:4      | Killed an ogre
  2687 | D:3      | Reached XP level 6. HP: 10/56 MP: 6/6
  2775 | D:4      | Reached skill level 5 in Maces & Flails
  2999 | D:4      | Found a glowing drain.
  3006 | D:4      | Reached *** piety under Trog
  3125 | D:4      | Reached XP level 7. HP: 37/64 MP: 7/7
  3252 | D:4      | Found a staircase to the Ecumenical Temple.
  3298 | D:4      | Found a bloodstained altar of Trog.
  3511 | D:5      | Entered Level 5 of the Dungeon
  3511 | D:5      | Noticed Pikel
  3535 | D:5      | Found Yvaud's Antique Weapon Emporium.
  3536 | D:5      | Noticed Eustachio
  3550 | D:5      | Killed Eustachio
  3561 | D:5      | Reached skill level 6 in Maces & Flails
  3649 | D:5      | Found Gecvu's Weapon Shoppe.
  3730 | D:5      | Found a snail-covered altar of Cheibriados.
  3733 | D:5      | Noticed Duvessa
  3736 | D:5      | Noticed Dowan
  3756 | D:5      | Killed Duvessa
  3756 | D:5      | Reached skill level 5 in Armour
  3756 | D:5      | Reached skill level 5 in Dodging
  3756 | D:5      | Reached XP level 8. HP: 67/73 MP: 7/7
  3760 | D:5      | Killed Dowan
  3760 | D:5      | Reached **** piety under Trog
  3812 | D:5      | Noticed Edmund
  3898 | D:5      | Killed Edmund
  3901 | D:5      | Paralysed by Pikel for 4 turns
  3919 | D:5      | Paralysed by Pikel for 5 turns
  3924 | D:5      | Killed Pikel
  3924 | D:5      | Reached skill level 5 in Fighting
  3924 | D:5      | Reached skill level 7 in Maces & Flails
  4071 | D:5      | Found Feobbublaxt's Magic Scroll Shop.
  4072 | D:5      | Noticed Menkaure
  4081 | D:5      | Killed Menkaure
  4081 | D:5      | Reached skill level 8 in Maces & Flails
  4082 | D:5      | Gained mutation: You passively map the area around you.
                  | [Deep Dwarf growth]
  4082 | D:5      | Reached XP level 9. HP: 66/81 MP: 6/6
  4095 | D:5      | Bought a scroll of enchant weapon for 90 gold pieces
  4095 | D:5      | Bought 3 scrolls of identify for 72 gold pieces
  4426 | D:5      | Reached skill level 1 in Shields
  4432 | D:5      | Found Uxejest's General Store.
  4449 | D:5      | Found Xeir's Weapon Boutique.
  4702 | D:6      | Noticed Blork the orc
  4732 | D:6      | Killed Blork the orc
  4896 | D:6      | Found a shattered altar of Ashenzari.
  5084 | D:6      | Found Ynuc Soq's Book Shoppe.
  5414 | D:7      | Noticed a six-headed hydra
  5427 | D:7      | HP: 6/123 [six-headed hydra (3)]
  5427 | D:7      | HP: 2/123 [six-headed hydra (4)]
  5429 | D:7      | Slain by a six-headed hydra

Skill      XL: |  1  2  3  4  5  6  7  8  9 |
---------------+----------------------------+-----
Fighting       | 3 4 5 |  5.6
Maces & Flails | 4 5 6 8 |  8.7
Armour         | 3 4 5 6 |  6.8
Dodging        | 3 4 5 6 |  6.2
Shields        | 2 |  2.5

Action                   |  1- 3 |  4- 6 |  7- 9 || total
-------------------------+-------+-------+-------++-------
Melee: Mace              |   136 |   228 |   463 ||   827
Invok: Berserk           |     2 |     4 |     4 ||    10
       Trog's Hand       |     3 |     6 |       ||     9
 Abil: Heal Wounds       |     1 |     1 |    14 ||    16
  Use: Scroll            |       |     4 |       ||     4
  Eat: Chunk             |     2 |    13 |    13 ||    28
Armor: Animal skin       |    37 |    47 |       ||    84
       Chain mail        |       |    34 |   274 ||   308
Dodge: Dodged            |   156 |   203 |   200 ||   559
Block: Shield            |       |       |   155 ||   155
